 Dungeon Crawl Stone Soup version 0.20.1-1-g8b1a95d (console) character file.

72 Kloppie the Poker (level 4, -2/35 HPs)
             Began as a Merfolk Gladiator on July 30, 2017.
             Was an Initiate of Okawaru.
             Slain by a killer bee (9 damage)
             ... on level 3 of the Dungeon.
             The game lasted 00:02:10 (1353 turns).

Kloppie the Poker (Merfolk Gladiator)               Turns: 1353, Time: 00:02:11

Health: -2/35      AC:  5    Str: 19    XL:     4   Next: 26%
Magic:  4/4        EV: 14    Int:  7    God:    Okawaru [......]
Gold:   169        SH:  0    Dex: 16    Spells: 3/3 levels left

rFire    . . .     SeeInvis .   a - +0 trident
rCold    . . .     Gourm    .   (no shield)
rNeg     . . .     Faith    .   b - +0 leather armour
rPois    .         Spirit   .   c - +0 helmet
rElec    .         Reflect  .   (no cloak)
rCorr    .         Harm     .   p - +0 pair of gloves
MR       .....                  (no boots)
Stlth    +.........             (no amulet)
Regen    0.2/turn               (no ring)
MPRegen  0.1/turn               (no ring)

@: mighty, lethally poisoned (-2 -> -15), flying
A: change form in water, swift swim, stealthy swim
a: Renounce Religion


You were on level 3 of the Dungeon.
You worshipped Okawaru.
Okawaru was noncommittal.
You were hungry.

You visited 1 branch of the dungeon, and saw 3 of its levels.

You collected 169 gold pieces.

Inventory:

Hand Weapons
 a - a +0 trident (weapon)
Missiles
 d - 3 throwing nets (quivered)
Armour
 b - a +0 leather armour (worn)
 c - a +0 helmet (worn)
 p - a +0 pair of gloves (worn)
Jewellery
 j - an uncursed amulet of harm {unknown}
Scrolls
 e - 2 scrolls of identify {unknown}
 l - a scroll of enchant armour {unknown}
 m - 2 scrolls of remove curse {unknown}
Potions
 k - a potion of lignification {unknown}
 n - a potion of degeneration {unknown}
Comestibles
 f - a bread ration
 g - a chunk of flesh
 o - 3 fruits


   Skills:
 + Level 3.5 Fighting
 + Level 6.2 Polearms
 - Level 2.0 Throwing
 - Level 4.0 Dodging


You had 3 spell levels left.
You didn't know any spells.

Dungeon Overview and Level Annotations

Branches:
Dungeon (3/15)

Altars:
Okawaru
Qazlal
Uskayaw
Zin


Message History

You hit the killer bee but do no damage.
The killer bee is almost dead.
You feel sick. The killer bee closely misses you. The killer bee stings you.
You miss the killer bee.
The killer bee is almost dead.
The killer bee stings you.
* * * LOW HITPOINT WARNING * * *
The killer bee stings you.
* * * LOW HITPOINT WARNING * * *
You miss the killer bee.
The killer bee is almost dead.
You feel sick. The killer bee closely misses you.
The killer bee barely misses you.
You barely miss the killer bee.
The killer bee is almost dead.
You feel sick. The killer bee stings you.
* * * LOW HITPOINT WARNING * * *
You are lethally poisoned!
The killer bee poisons you! The killer bee stings you!
You die...

#######.......#..## .#.
...<.....##..#.##...
...............#.#..#
###
....................####
........................
......#...♣y..#......#..
........♣y♣.........# #
#....♣y♣.♣........#
#...♣@♣.♣.♣..######
♣.♣._.♣.♣.#
#...♣.♣.♣.♣..#
#.(..♣.♣.♣...#
#.....♣.♣....#
#..#...♣...#.#
#............#
#........#####
##########


You could see 3 killer bees.

Vanquished Creatures
  4 adders (D:2)
  A dart slug (D:1)
  2 giant cockroaches (D:1)
  4 goblins
  3 hobgoblins (D:2)
  4 jackals
  6 kobolds
  4 bats
  3 frilled lizards
  3 rats
34 creatures vanquished.

Notes
Turn   | Place    | Note
-------+----------+-------------------------------------------
     0 | D:1      | Kloppie the Merfolk Gladiator began the quest for the Orb.
     0 | D:1      | Reached XP level 1. HP: 16/16 MP: 1/1
   115 | D:1      | Reached XP level 2. HP: 22/23 MP: 2/2
   328 | D:1      | Reached skill level 5 in Polearms
   433 | D:2      | Reached XP level 3. HP: 21/29 MP: 3/3
   564 | D:2      | Found a glowing silver altar of Zin.
   952 | D:2      | Reached XP level 4. HP: 35/35 MP: 4/4
  1115 | D:2      | Reached skill level 6 in Polearms
  1122 | D:2      | Found a hide-covered altar of Uskayaw.
  1241 | D:3      | Found a stormy altar of Qazlal.
  1242 | D:3      | Noticed a fire elemental
  1246 | D:3      | Noticed a water elemental
  1256 | D:3      | Noticed an air elemental
  1264 | D:3      | Noticed an earth elemental
  1312 | D:3      | Found an iron altar of Okawaru.
  1322 | D:3      | Became a worshipper of Warmaster Okawaru
  1353 | D:3      | Slain by a killer bee

Skill      XL: |  1  2  3  4 |
---------------+-------------+-----
Polearms       | 5 6 |  6.2
Fighting       | 3 |  3.5
Throwing       | |  2.0
Dodging        | |  4.0

Action                   |  1- 3 |  4- 6 || total
-------------------------+-------+-------++-------
Melee: Trident           |   103 |    28 ||   131
  Use: Potion            |       |     2 ||     2
 Stab: Sleeping          |     3 |       ||     3
  Eat: Chunk             |       |     1 ||     1
Armor: Leather armour    |    19 |     7 ||    26
Dodge: Dodged            |    69 |    16 ||    85
